 Dungeon Crawl Stone Soup version 0.27.0-1-g7a089689b8 (webtiles) character file.

Game seed: 17388558886393305856

206 fiver49 the Sneak (level 6, -3/47 HPs)
             Began as a Formicid Brigand on Aug 13, 2021.
             Slain by a killer bee (7 damage)
             ... on level 3 of the Dungeon.
             The game lasted 00:05:39 (2887 turns).

fiver49 the Sneak (Formicid Brigand)                Turns: 2887, Time: 00:05:40

Health: -3/47      AC:  6    Str: 17    XL:     6   Next: 10%
Magic:  6/6        EV: 10    Int: 11    God:
Gold:   135        SH:  0    Dex: 12    Spells: 5/5 levels left

rFire    . . .     SeeInvis +   m - +2 hand axe (venom)
rCold    . . .     Faith    .   (no shield)
rNeg     . . .     Spirit   .   h - +0 ring mail
rPois    .         Reflect  .   (helmet unavailable)
rElec    .         Harm     .   c - +0 cloak
rCorr    .         Rampage  .   (no gloves)
Will     .....                  (no boots)
Stlth    ++........             (no amulet)
HPRegen  0.15/turn              g - ring of wizardry
MPRegen  0.10/turn              (no ring)

@: lethally poisoned (-3 -> -15)
A: permanent stasis, dig shafts and tunnels, antennae 3, four strong arms
a: Dig, Shaft Self


You were on level 3 of the Dungeon.
You visited 1 branch of the dungeon, and saw 4 of its levels.

You collected 135 gold pieces.

Inventory:

Hand Weapons
 a - a +2 dagger
 k - a +0 dagger of holy wrath
   (You took it off a goblin on level 1 of the Dungeon)
 m - a +2 hand axe of venom (weapon)
   (You took it off Terence on level 2 of the Dungeon)
 p - a +0 war axe
   (You found it on level 3 of the Dungeon)
Missiles
 d - 9 poisoned darts (quivered)
 e - a curare-tipped dart
Armour
 b - a +0 robe
 c - a +0 cloak (worn)
 f - a +0 scale mail
   (You found it on level 1 of the Dungeon)
 h - a +0 ring mail (worn)
   (You found it on level 1 of the Dungeon)
Jewellery
 g - a ring of wizardry (left hand)
   (You found it on level 1 of the Dungeon)
Scrolls
 i - a scroll of teleportation {unknown}
 j - a scroll of magic mapping {unknown}
 l - a scroll of blinking {unknown}
 n - a scroll of immolation {unknown}
 o - 2 scrolls of identify {unknown}
Potions
 q - a potion of attraction {unknown}
 s - a potion of mutation {unknown}


   Skills:
 - Level 3.2 Fighting
 - Level 2.0(2.2) Short Blades
 - Level 1.3(1.9) Long Blades
 + Level 3.8 Axes
 - Level 2.0 Throwing
 - Level 2.1 Armour
 - Level 1.0 Dodging
 - Level 5.0 Stealth


You had 5 spell levels left.
You didn't know any spells.
Your spell library contained the following spells:

 Spells                   Type           Power      Damage    Failure   Level
 Leda's Liquefaction      Hex/Erth       0%         N/A       91%         4
 Summon Lightning Spire   Summ/Air       0%         N/A       91%         4
 Bolt of Magma            Conj/Fire/Erth 0%         4d4       99%         5
 Statue Form              Tmut/Erth      0%         N/A       100%        6
 Storm Form               Tmut/Air       0%         N/A       100%        7
 Maxwell's Capacitive Co  Air            0%         ∞         100%        8


Dungeon Overview and Level Annotations

Branches:
Dungeon (4/15)
 Temple: D:4-7

Altars:
Ashenzari

Shops:
D:2 (*


Innate Abilities, Weirdness & Mutations

You cannot be hasted, slowed, berserked, paralysed or teleported.
You can dig through walls and to a lower floor.
You have a pair of large antennae on your head. (SInv)
Your four strong arms can wield two-handed weapons with a shield.


Message History

You hit the rat.
You kill the rat!
You see here a rat corpse.
Found a leather armour.
You see here a rat corpse.
A goblin comes into view. It is wielding a +0 dagger.
The goblin shouts!
You throw a poisoned dart. The poisoned dart hits the goblin.
You throw a poisoned dart.
The poisoned dart closely misses the goblin.
You throw a poisoned dart. The poisoned dart hits the goblin.
The goblin is poisoned.
You throw a poisoned dart. The poisoned dart hits the goblin.
The goblin looks even sicker.
You throw a poisoned dart. The poisoned dart hits the goblin.
The goblin looks even sicker.
You throw a poisoned dart.
The poisoned dart barely misses the goblin.
You kill the goblin!
No target in view!
No target in view!
You see here a +0 dagger.
d - 10 poisoned darts (gained 2)
d - 11 poisoned darts (gained 1)
d - 12 poisoned darts (gained 1)
d - 13 poisoned darts (gained 1)
d - 14 poisoned darts (gained 1)
There is an open door here.
There is an open door here.
There is an open door here.
There is an open door here.
There is an open door here.
You open the door.
There is an open door here.
Done exploring.
Done exploring.
There is a stone staircase leading down here.
You climb downwards.
A killer bee and a dart slug come into view.
Found a leather armour.
There is a stone staircase leading up here.
You throw a poisoned dart. The poisoned dart hits the dart slug.
The dart slug is poisoned.
You throw a poisoned dart. The poisoned dart hits the dart slug.
The dart slug looks even sicker.
The dart slug is lightly wounded.
You throw a poisoned dart. The poisoned dart hits the dart slug.
The dart slug looks even sicker.
The dart slug is moderately wounded.
You kill the dart slug!
You throw a poisoned dart. The poisoned dart hits the killer bee.
The killer bee is poisoned.
The killer bee buzzes angrily.
You hear an angry buzzing noise.
A killer bee comes into view. x2
You throw a poisoned dart.
The poisoned dart misses the killer bee.
The killer bee buzzes angrily.
You hit the killer bee.
The killer bee is severely wounded.
A killer bee comes into view.
The killer bee closely misses you. The killer bee stings you.
You are poisoned.
The killer bee poisons you!
You miss the killer bee.
The killer bee is almost dead.
You feel very sick.
You kill the killer bee!
The killer bee stings you. x2
You are more poisoned.
The killer bee poisons you!
You have reached level 6!
Your experience leads to an increase in your attributes!
Increase (S)trength, (I)ntelligence, or (D)exterity?
You feel stronger.
You feel very sick. The killer bee stings you. The killer bee stings you!
You are lethally poisoned!
The killer bee poisons you!
The killer bee stings you but does no damage.
The killer bee barely misses you.
You climb upwards.
* * * LOW HITPOINT WARNING * * *
You feel extremely sick.
There is a stone staircase leading down here.
You feel better.
The killer bee stings you but does no damage.
The killer bee stings you.
You are poisoned.
The killer bee poisons you! The killer bee stings you.
* * * LOW HITPOINT WARNING * * *
You are more poisoned.
The killer bee poisons you! The killer bee stings you.
* * * LOW HITPOINT WARNING * * *
You are more poisoned.
The killer bee poisons you!
You miss the killer bee. You closely miss the killer bee.
* * * LOW HITPOINT WARNING * * *
You feel very sick. The killer bee stings you!
You die...

# ######## # #......# #
#.####'####### #
#............# #
#............#
#######........y...#
.......[........@y.#
#..................#
#..#####...........####
#..# ####.##..#.....##
#..# #..##.##.##..#
...##### ###+##'##+###.#
#......# #.....#.....#.#
#......###.....#.....#†#
#......#.'##'##+##'##'.#


You could see 2 killer bees.

Vanquished Creatures
  A killer bee (D:4)
  Terence (D:2)
  Jessica (D:2)
  4 adders
  A worm (D:2)
  3 dart slugs
  An orc (D:3)
  4 bats
  3 endoplasms
  2 giant cockroaches
  5 goblins
  8 hobgoblins
  6 jackals
  3 kobolds
  8 ball pythons
  6 frilled lizards
  11 rats
68 creatures vanquished.

Vanquished Creatures (others)
  5 fungi (D:3)
  11 plants (D:3)
16 creatures vanquished.

Grand Total: 84 creatures vanquished

Notes
Turn   | Place    | Note
-------+----------+-------------------------------------------
     0 | D:1      | fiver49 the Formicid Brigand began the quest for the Orb.
     0 | D:1      | Reached XP level 1. HP: 16/16 MP: 1/1
    46 | D:1      | Reached skill level 1 in Dodging
    79 | D:1      | Reached skill level 5 in Stealth
   103 | D:1      | Reached skill level 1 in Long Blades
   103 | D:1      | Reached XP level 2. HP: 19/22 MP: 2/2
   765 | D:1      | Reached XP level 3. HP: 28/28 MP: 3/3
   770 | D:1      | Reached skill level 1 in Armour
  1093 | D:2      | Noticed Terence
  1099 | D:2      | Killed Terence
  1100 | D:2      | Reached skill level 3 in Fighting
  1100 | D:2      | Reached skill level 2 in Armour
  1100 | D:2      | Reached XP level 4. HP: 35/35 MP: 4/4
  1451 | D:2      | Reached skill level 1 in Axes
  1629 | D:2      | Found Leqas's Antique Weapon Shop.
  1712 | D:2      | Found Anaene's Assorted Antiques.
  1768 | D:2      | Noticed Jessica
  1773 | D:2      | Killed Jessica
  1774 | D:2      | Reached skill level 2 in Axes
  1774 | D:2      | Reached XP level 5. HP: 41/41 MP: 5/5
  2432 | D:3      | Found a broken altar of Ashenzari.
  2530 | D:3      | Found a faded altar of an unknown god.
  2578 | D:3      | Reached skill level 3 in Axes
  2884 | D:4      | Reached XP level 6. HP: 33/47 MP: 6/6
  2886 | D:3      | HP: 9/47 [killer bee (5)]
  2887 | D:3      | HP: 4/47 [poisoned by a killer bee]
  2887 | D:3      | Slain by a killer bee

Illustrated notes

Levels and vault maps discovered:
D:1:      amcnicky_arrival_flooded_fountain, layout_loops_corners,
          minmay_misc_feat_columns
D:2:      layout_loops_corners, serial_shops, shop_statue, shop, uniq_jessica,
          uniq_terence
D:3:      layout_basic, mainiacjoe_overflow_24_doors,
          shapermc_ecumenical_altar_mp_ritualfount
D:4:      layout_basic, minmay_misc_feat_cross

Skill      XL: |  1  2  3  4  5 |
---------------+----------------+-----
Dodging        | 1 |  1.0
Stealth        | 5 |  5.0
Long Blades    | 1 |  1.3
Armour         | 2 |  2.1
Fighting       | 3 |  3.2
Axes           | 2 3 |  3.8
Short Blades   | |  2.0
Throwing       | |  2.0

Action                   |  1- 3 |  4- 6 || total
-------------------------+-------+-------++-------
Melee: Dagger            |    55 |     4 ||    59
       Hand axe          |       |    71 ||    71
Throw: Dart              |     7 |    77 ||    84
  Use: Potion            |       |     1 ||     1
 Stab: Sleeping          |    10 |     2 ||    12
Armor: Robe              |    11 |     5 ||    16
       Ring mail         |       |    16 ||    16
Dodge: Dodged            |    26 |    38 ||    64

Table legend: (Time is in decaauts)
 A = Elapsed time spent in this place.
 B = Non-inter-level travel time spent in this place.
 C = Inter-level travel time spent in this place.
 D = Time resting spent in this place.
 E = Time spent auto-exploring this place.
 F = Levels seen in this place.
 G = Mean time per level.
                   A        B        C        D        E       F      G
               +--------+--------+--------+--------+--------+-----+--------+
         Total |   2884 |   2824 |     60 |      0 |   2292 |   4 |  721.0 |
       Dungeon |   2884 |   2824 |     60 |      0 |   2292 |   4 |  721.0 |
               +--------+--------+--------+--------+--------+-----+--------+

Top non-repeatable levels by time:
     D:2: 1073 daAuts
     D:1: 1006 daAuts
     D:3: 796 daAuts
     D:4: 8 daAuts

Table legend:
 A = Kills in this place as a percentage of kills in entire the game.
 B = Kills by you in this place as a percentage of kills by you in the entire game.
 C = Kills by friends in this place as a percentage of kills by friends in the entire game.
 D = Other kills in this place as a percentage of other kills in the entire game.
 E = Experience gained in this place as a percentage of experience gained in the entire game.
 F = Experience gained in this place divided by the number of levels of this place that you have seen.
                   A       B       C       D       E      F
               +-------+-------+-------+-------+-------+----------------------
         Total | 100.0 | 100.0 |   N/A |   N/A | 100.0 |  73.8
       Dungeon | 100.0 | 100.0 |   N/A |   N/A | 100.0 |  73.8
               +-------+-------+-------+-------+-------+----------------------
